 Dungeon Crawl Stone Soup version 0.18.1-50-g88ac8fd (webtiles) character file.

47 go0n the Ruffian (level 3, 0/24 HPs)
             Began as a Gargoyle Monk on Sept 21, 2016.
             Slain by a gnoll
             ... wielding a +0 halberd
              (10 damage)
             ... on level 2 of the Dungeon.
             The game lasted 00:04:00 (1170 turns).

go0n the Ruffian (Gargoyle Monk)                    Turns: 1170, Time: 00:04:01

Health: 0/24       AC: 11    Str: 20    XL:     3   Next: 70%
Magic:  3/3        EV:  6    Int: 10    God:
Gold:   116        SH:  0    Dex: 12    Spells: 0 memorised, 2 levels left

rFire  . . .     SeeInvis .     j - +0 mace
rCold  . . .     Gourm    .     i - +0 ring mail
rNeg   + . .     Faith    .     (no shield)
rPois  ∞         Spirit   .     f - +2 hat
rElec  +         Dismiss  .     (no cloak)
rCorr  +         Reflect  .     k - +0 pair of gloves
SustAt .         Harm     .     (no boots)
MR     .....                    (no amulet)
Stlth  +.........               (no ring)
                                m - ring of resist corrosion

@: mighty, held, not resistant to hostile enchantments, very unstealthy
A: negative energy resistance 1, electricity resistance, unbreathing,
petrification resistance, rot immunity, AC +3
a: no special abilities


You were on level 2 of the Dungeon.
You were not hungry.

You visited 1 branch of the dungeon, and saw 2 of its levels.

You collected 116 gold pieces.

Inventory:

Hand Weapons
 j - a +0 mace (weapon)
Armour
 a - a +0 robe
 c - a +0 leather armour
 f - a +2 hat (worn)
 i - a +0 ring mail (worn)
 k - a +0 pair of gloves (worn)
Jewellery
 m - a ring of resist corrosion (left hand)
Scrolls
 d - a scroll of fear
 l - a scroll of recharging {unknown}
Potions
 e - a potion of curing
Comestibles
 b - 2 bread rations
 h - a chunk of flesh


   Skills:
 + Level 3.8 Fighting
 * Level 1.4 Maces & Flails
 - Level 0.9 Armour
 - Level 2.9 Dodging
 - Level 2.1 Stealth
 - Level 4.0 Unarmed Combat


You had 2 spell levels left.
You didn't know any spells.

Dungeon Overview and Level Annotations

Branches:
Dungeon (2/15)

Altars:


Innate Abilities, Weirdness & Mutations

You are resistant to torment.
Your stone body is resilient (AC +3).
You are immune to poison.
You resist negative energy.
You are resistant to electric shocks.
You can survive without breathing.
You are immune to petrification.
You are immune to rotting.


Message History

You hit the gnoll but do no damage.
The gnoll is severely wounded.
The gnoll closely misses you.
The gnoll hits you from afar with a halberd!
* * * LOW HITPOINT WARNING * * *
You hit the gnoll.
You kill the gnoll!
The gnoll closely misses you.
The gnoll throws a throwing net.
The throwing net hits you.
You become entangled in the net!
You see here a throwing net.
Drink which item? (? for menu, Esc to quit)
You feel better.
Drink which item? (? for menu, Esc to quit)
It was a potion of might.
You feel very mighty all of a sudden. The gnoll closely misses you.
You struggle against the net.
The gnoll hits you from afar with a halberd!
You die...

..... ... .. ... ###.# .g.
####... #g########### ......
#S##^.......##### ...##
#g##...####.....# #..#
#.####.# #####.## ##..### #@#
#.# #... #.....#####.# #.#
#### #.###....##.# #.## #..
#.# ####..#.####..########.#
#.# #................#...#
##.# #....(..(..#####...###
##..# #.<........#####....#
#..#################......#...
#....................#########


You could see 3 gnolls and an adder.

Vanquished Creatures
  A gnoll (D:2)
  An adder (D:2)
  A dart slug (D:1)
  A giant gecko (D:2)
  4 bats
  3 giant cockroaches
  3 hobgoblins
  3 jackals (D:1)
  A giant newt (D:1)
  3 goblins
  3 kobolds
24 creatures vanquished.

Notes
Turn   | Place    | Note
--------------------------------------------------------------
     0 | D:1      | go0n the Gargoyle Monk began the quest for the Orb.
     0 | D:1      | Reached XP level 1. HP: 14/14 MP: 1/1
   201 | D:1      | Reached XP level 2. HP: 19/19 MP: 2/2
   998 | D:2      | Reached XP level 3. HP: 17/24 MP: 3/3
  1063 | D:2      | Reached skill level 1 in Maces & Flails
  1170 | D:2      | Slain by a gnoll

Skill      XL: |  1  2  3 |
---------------+----------+-----
Maces & Flails | 1 |  1.4
Fighting       | |  3.8
Armour         | |  0.9
Dodging        | |  2.9
Stealth        | |  2.1
Unarmed Combat | |  4.0

Action                   || total
-------------------------++-------
Melee: Unarmed           ||    57
       Mace              ||    70
  Use: Potion            ||     4
       Scroll            ||     2
  Eat: Beef jerky        ||     1
Armor: Leather armour    ||    14
       Ring mail         ||    77
Dodge: Dodged            ||   110
